IL
GWINNETT BRAVES @ ALBUQUERQUE ISOTOPES
08/22/2045
 
TOP OF THE 1ST
Gwinnett Braves batting - Pitching for Albuquerque Isotopes : RHP Jason Miles
Pitching: RHP Jason Miles
Batting: RHB Xavier Castellanos 0-0: Ball
1-0: Called Strike
1-1: Foul Ball, location: 2F
1-2: Foul Ball, location: 2F
1-2: Strikes out looking
Batting: LHB Edwin Aguilar 0-0: Fly out, F4 (Line Drive, 4, EV 72.5 MPH)
Batting: LHB Helge Jivotovsky 0-0: Ball
1-0: Ball
2-0: DOUBLE (Line Drive, 78XD, EV 105.0 MPH)
Batting: SHB Brian Bagley 0-0: Foul Ball, location: 2F
0-1: Ball
1-1: Ball
2-1: Ball
3-1: Base on Balls
Batting: RHB Luis Revilla 0-0: Called Strike
0-1: Foul Ball, location: 2F
0-2: DOUBLE (Groundball, 3L, EV 103.8 MPH)
Helge Jivotovsky scores
Brian Bagley to third
Runner from 3rd tries for Home, SAFE, throw by RF to trailing runner, SAFE at third!
Batting: RHB Carlos Castillo 0-0: Ball
1-0: Ball
2-0: Ball
3-0: Base on Balls
Batting: RHB Jesse Lester 0-0: Swinging Strike
0-1: Ball
1-1: Called Strike
1-2: Foul Ball, location: 2F
1-2: Ball
Carlos Castillo steals 2nd base (no throw)
2-2: SINGLE (Groundball, 5D, EV 106.9 MPH)
Luis Revilla scores
Carlos Castillo to third
Batting: RHB Cole Bittner 0-0: Fly out, F6 (Popup, 6, EV 56.9 MPH)
Top of the 1st over - 3 runs, 3 hits, 0 errors, 2 left on base; Gwinnett 3 - Albuquerque 0
BOTTOM OF THE 1ST
Albuquerque Isotopes batting - Pitching for Gwinnett Braves : RHP Chong-hun Park
Pitching: RHP Chong-hun Park
Batting: RHB Jason Gee 0-0: Ball
1-0: Called Strike
1-1: Ground out 4-3 (Groundball, 4M, EV 105.6 MPH)
Batting: LHB Alan Bianchard 0-0: Called Strike
0-1: Ball
1-1: Foul Ball, location: 2F
1-2: Ground out 3-1 (Groundball, 13, EV 93.1 MPH)
Batting: RHB Jerry Castro 0-0: Ball
1-0: Ball
2-0: Ball
3-0: Base on Balls
Batting: RHB Eddie McCoy 0-0: Ball
1-0: Ball
2-0: Called Strike
2-1: Foul Ball, location: 2F
2-2: Foul Ball, location: 2F
2-2: Fly out, F8 (Flyball, 8RS, EV 87.5 MPH)
Bottom of the 1st over - 0 runs, 0 hits, 0 errors, 1 left on base; Gwinnett 3 - Albuquerque 0
TOP OF THE 2ND
Gwinnett Braves batting - Pitching for Albuquerque Isotopes : RHP Jason Miles
Batting: SHB Tim Rodgers 0-0: Fly out, F7 (Line Drive, 7D, EV 88.8 MPH)
Batting: RHB Xavier Castellanos 0-0: Ball
1-0: Ball
2-0: Called Strike
2-1: Foul Ball, location: 2F
2-2: Foul Ball, location: 2F
2-2: Strikes out swinging
Batting: LHB Edwin Aguilar 0-0: Ball
1-0: Ground out 6-3 (Groundball, 6M, EV 83.1 MPH)
Top of the 2nd over - 0 runs, 0 hits, 0 errors, 0 left on base; Gwinnett 3 - Albuquerque 0
BOTTOM OF THE 2ND
Albuquerque Isotopes batting - Pitching for Gwinnett Braves : RHP Chong-hun Park
Batting: RHB Mike Ball 0-0: Ball
1-0: Foul Ball, location: 2F
1-1: Called Strike
1-2: Fly out, F9 (Flyball, 9, EV 78.8 MPH)
Batting: RHB Bobby Heagle 0-0: Ball
1-0: Ball
2-0: Foul Ball, location: 2F
2-1: Foul Ball, location: 2F
2-2: Ball
3-2: Fly out, F8 (Line Drive, 8LD, EV 105.0 MPH)
Batting: RHB Nate Carrell 0-0: Fly out, F7 (Flyball, 78M, EV 93.1 MPH)
Bottom of the 2nd over - 0 runs, 0 hits, 0 errors, 0 left on base; Gwinnett 3 - Albuquerque 0
TOP OF THE 3RD
Gwinnett Braves batting - Pitching for Albuquerque Isotopes : RHP Jason Miles
Batting: LHB Helge Jivotovsky 0-0: Called Strike
0-1: Swinging Strike
0-2: Ball
1-2: Foul Ball, location: 2F
1-2: Ball
2-2: Ball
3-2: Ground out U3 (Groundball, 3, EV 101.9 MPH)
Batting: SHB Brian Bagley 0-0: Ground out 4-3 (Groundball, 34, EV 79.4 MPH)
Batting: RHB Luis Revilla 0-0: Called Strike
0-1: Ball
1-1: Ball
2-1: Foul Ball, location: 2F
2-2: Foul Ball, location: 2F
2-2: Ball
3-2: SINGLE (Line Drive, 4D, EV 105.0 MPH)
Batting: RHB Carlos Castillo 0-0: Ball
1-0: Called Strike
1-1: Swinging Strike
1-2: Foul Ball, location: 2F
1-2: Fielders Choice at 2nd, 6-4 (Groundball, 6, EV 84.4 MPH)
Top of the 3rd over - 0 runs, 1 hit, 0 errors, 1 left on base; Gwinnett 3 - Albuquerque 0
BOTTOM OF THE 3RD
Albuquerque Isotopes batting - Pitching for Gwinnett Braves : RHP Chong-hun Park
Batting: LHB Enrique Andrade 0-0: SINGLE (Groundball, 56D, EV 105.6 MPH)
Batting: RHB Josh Baker 0-0: Ball
1-0: Ball
Enrique Andrade steals 2nd base
2-0: Foul Ball, location: 2F
2-1: Ball
3-1: Called Strike
3-2: Foul Ball, location: 2F
3-2: DOUBLE (Line Drive, 9LM, EV 104.4 MPH)
Enrique Andrade scores
Batting: RHB Jason Gee 0-0: Ground out 5-3 (Groundball, 5, EV 86.9 MPH)
Batting: LHB Alan Bianchard 0-0: Called Strike
0-1: Ball
1-1: DOUBLE (Line Drive, 8RXD, EV 110.0 MPH)
Josh Baker scores
Batting: RHB Jerry Castro 0-0: Ball
Alan Bianchard steals 3rd base
1-0: Fly out, F7 (Flyball, 78XD, EV 101.9 MPH)
Runner from 3rd tags up, SCORES, no throw by LF
Batting: RHB Eddie McCoy 0-0: Fly out, F7 (Flyball, 78D, EV 101.9 MPH)
Bottom of the 3rd over - 3 runs, 3 hits, 0 errors, 0 left on base; Gwinnett 3 - Albuquerque 3
TOP OF THE 4TH
Gwinnett Braves batting - Pitching for Albuquerque Isotopes : RHP Jason Miles
Batting: RHB Jesse Lester 0-0: Called Strike
0-1: Ball
1-1: Swinging Strike
1-2: Ball
2-2: Fly out, F7 (Flyball, 7D, EV 85.6 MPH)
Batting: RHB Cole Bittner 0-0: Foul Ball, location: 2F
0-1: Ground out 4-3 (Groundball, 4, EV 79.4 MPH)
Batting: SHB Tim Rodgers 0-0: Ball
1-0: Foul Ball, location: 2F
1-1: Foul Ball, location: 2F
1-2: Ball
2-2: Foul Ball, location: 2F
2-2: Hit by Pitch
Batting: RHB Xavier Castellanos 0-0: Called Strike
0-1: Ball
1-1: Ball
2-1: Foul Ball, location: 2F
2-2: Fielders Choice at 2nd, 6-4 (Groundball, 6, EV 86.9 MPH)
Top of the 4th over - 0 runs, 0 hits, 0 errors, 1 left on base; Gwinnett 3 - Albuquerque 3
BOTTOM OF THE 4TH
Albuquerque Isotopes batting - Pitching for Gwinnett Braves : RHP Chong-hun Park
Batting: RHB Mike Ball 0-0: Foul Ball, location: 2F
0-1: DOUBLE (Flyball, 78D, EV 97.5 MPH)
Batting: RHB Bobby Heagle 0-0: Ball
1-0: Called Strike
1-1: Ball
2-1: Ball
3-1: Foul Ball, location: 2F
3-2: Strikes out looking
Batting: RHB Nate Carrell 0-0: Ball
Mike Ball steals 3rd base
1-0: Ball
2-0: Ball
3-0: Called Strike
3-1: Fly out, F8 (Flyball, 8LS, EV 87.5 MPH)
Runner from 3rd tags up, SCORES, throw by CF
Batting: LHB Enrique Andrade 0-0: SINGLE (Line Drive, 8LS, EV 98.1 MPH)
Batting: RHB Josh Baker 0-0: Ball
1-0: Ground out 4-3 (Groundball, 4, EV 85.0 MPH)
Bottom of the 4th over - 1 run, 2 hits, 0 errors, 1 left on base; Gwinnett 3 - Albuquerque 4
TOP OF THE 5TH
Gwinnett Braves batting - Pitching for Albuquerque Isotopes : RHP Jason Miles
Batting: LHB Edwin Aguilar 0-0: Foul Ball, location: 2F
0-1: Foul Ball, location: 2F
0-2: Ball
1-2: Foul Ball, location: 2F
1-2: Foul Ball, location: 2F
1-2: Foul Ball, location: 2F
1-2: Ground out 4-3 (Groundball, 4, EV 90.6 MPH)
Batting: LHB Helge Jivotovsky 0-0: Ball
1-0: DOUBLE (Flyball, 89XD, EV 96.2 MPH)
Batting: SHB Brian Bagley 0-0: Ball
1-0: Ball
2-0: Ball
3-0: Base on Balls
Batting: RHB Luis Revilla 0-0: Swinging Strike
0-1: Foul Ball, location: 2F
0-2: Strikes out swinging
Batting: RHB Carlos Castillo 0-0: Ball
1-0: Ground out 6-3 (Groundball, 6MD, EV 107.5 MPH)
Top of the 5th over - 0 runs, 1 hit, 0 errors, 2 left on base; Gwinnett 3 - Albuquerque 4
BOTTOM OF THE 5TH
Albuquerque Isotopes batting - Pitching for Gwinnett Braves : RHP Chong-hun Park
Batting: RHB Jason Gee 0-0: Ball
1-0: Called Strike
1-1: Swinging Strike
1-2: Strikes out swinging
Batting: LHB Alan Bianchard 0-0: Ball
1-0: Ground out 4-3 (Groundball, 34D, EV 90.0 MPH)
Batting: RHB Jerry Castro 0-0: Ball
1-0: Called Strike
1-1: Ground out 6-3 (Groundball, 6, EV 106.2 MPH)
Bottom of the 5th over - 0 runs, 0 hits, 0 errors, 0 left on base; Gwinnett 3 - Albuquerque 4
TOP OF THE 6TH
Gwinnett Braves batting - Pitching for Albuquerque Isotopes : RHP Jason Miles
Batting: RHB Jesse Lester 0-0: Swinging Strike
0-1: Foul Ball, location: 2F
0-2: Foul Ball, location: 2F
0-2: Strikes out looking
Batting: RHB Cole Bittner 0-0: Ball
1-0: Ball
2-0: Called Strike
2-1: Ball
3-1: DOUBLE (Line Drive, 9LS, EV 102.5 MPH)
Batting: SHB Tim Rodgers 0-0: Ground out 4-3 (Groundball, 34, EV 93.8 MPH)
Cole Bittner to third
Pitching: LHP Tyler Adams
Batting: RHB Xavier Castellanos 0-0: Called Strike
0-1: Ball
1-1: SINGLE (Flyball, 4MD, EV 92.5 MPH)
Cole Bittner scores
Pinch Hitting: RHB Chris Sharpe 0-0: Ball
1-0: Ball
2-0: Foul Ball, location: 2F
2-1: Foul Ball, location: 2F
2-2: Strikes out swinging
Top of the 6th over - 1 run, 2 hits, 0 errors, 1 left on base; Gwinnett 4 - Albuquerque 4
BOTTOM OF THE 6TH
Albuquerque Isotopes batting - Pitching for Gwinnett Braves : RHP Chong-hun Park
Now in RF: Neal Tinoco
Batting: RHB Eddie McCoy 0-0: Ball
1-0: Swinging Strike
1-1: Ball
2-1: Foul Ball, location: 2F
2-2: SINGLE (Groundball, 6MD, EV 99.4 MPH)
Batting: RHB Mike Ball 0-0: Ball
1-0: Called Strike
1-1: SINGLE (Flyball, 3D, EV 101.9 MPH)
Eddie McCoy to second
Runner from 2nd tries for 3rd, SAFE, throw by RF made to third
Batting: RHB Bobby Heagle 0-0: Called Strike
0-1: SINGLE (Groundball, 56D, EV 100.6 MPH)
Eddie McCoy scores
Mike Ball to second
Pitching: RHP Chris Thompson
Batting: RHB Nate Carrell 0-0: Swinging Strike
0-1: SINGLE (Line Drive, 78S, EV 96.2 MPH)
Mike Ball to third
Bobby Heagle to second
Batting: LHB Enrique Andrade 0-0: Ball
1-0: Ball
2-0: Ball
3-0: Called Strike
3-1: Base on Balls
Mike Ball scores
Bobby Heagle to third
Nate Carrell to second
Batting: RHB Josh Baker 0-0: Ball
1-0: Called Strike
1-1: Ball
2-1: Ball
3-1: Base on Balls
Bobby Heagle scores
Nate Carrell to third
Enrique Andrade to second
Batting: RHB Jason Gee 0-0: Called Strike
0-1: Swinging Strike
0-2: Ball
1-2: SINGLE (Groundball, 4M, EV 98.1 MPH)
Nate Carrell scores
Enrique Andrade to third
Josh Baker to second
Batting: LHB Alan Bianchard 0-0: Ball
1-0: Fly out, F6 (Popup, 56, EV 73.1 MPH)
Batting: RHB Jerry Castro 0-0: Ball
1-0: SINGLE (Groundball, 34D, EV 94.4 MPH)
Enrique Andrade scores
Josh Baker to third
Jason Gee to second
Runner from 3rd tries for Home, throw by RF and OUT! 9-2
Batting: RHB Eddie McCoy 0-0: Fly out, F7 (Flyball, 7, EV 93.8 MPH)
Bottom of the 6th over - 5 runs, 6 hits, 0 errors, 2 left on base; Gwinnett 4 - Albuquerque 9
TOP OF THE 7TH
Gwinnett Braves batting - Pitching for Albuquerque Isotopes : LHP Tyler Adams
Batting: LHB Helge Jivotovsky 0-0: Ball
1-0: Ball
2-0: Ball
3-0: Called Strike
3-1: Called Strike
3-2: Foul Ball, location: 2F
3-2: Strikes out swinging
Batting: SHB Brian Bagley 0-0: Reached on error, E6 (Groundball, 6, EV 86.9 MPH)
Batting: RHB Luis Revilla 0-0: Fly out, F3 (Popup, 34, EV 82.5 MPH)
Batting: RHB Carlos Castillo 0-0: Foul Ball, location: 2F
0-1: Ball
1-1: Ball
2-1: Ball
3-1: SINGLE (Groundball, 4, EV 99.4 MPH)
Brian Bagley to second
Batting: RHB Jesse Lester 0-0: Called Strike
0-1: Called Strike
0-2: Ball
1-2: Ball
2-2: Ball
3-2: Ground out 6-3 (Groundball, 6MD, EV 101.2 MPH)
Top of the 7th over - 0 runs, 1 hit, 1 error, 2 left on base; Gwinnett 4 - Albuquerque 9
BOTTOM OF THE 7TH
Albuquerque Isotopes batting - Pitching for Gwinnett Braves : RHP Chris Thompson
Batting: RHB Mike Ball 0-0: Ball
1-0: Called Strike
1-1: Ground out 6-3 (Groundball, 6, EV 88.1 MPH)
Batting: RHB Bobby Heagle 0-0: Called Strike
0-1: Ground out 4-3 (Groundball, 4, EV 100.0 MPH)
Batting: RHB Nate Carrell 0-0: SINGLE (Groundball, 56S, EV 63.1 MPH) (infield hit)
Batting: LHB Enrique Andrade 0-0: Ball
1-0: Ball
2-0: Swinging Strike
2-1: Foul Ball, location: 2F
2-2: Ball
3-2: Base on Balls
Nate Carrell to second
Batting: RHB Josh Baker 0-0: Called Strike
0-1: Ball
1-1: Ball
2-1: Foul Ball, location: 2F
2-2: Foul Ball, location: 2F
2-2: DOUBLE (Flyball, 78XD, EV 95.0 MPH)
Nate Carrell scores
Enrique Andrade to third
Runner from 3rd tries for Home, SAFE, throw by CF to home
Batting: RHB Jason Gee 0-0: Called Strike
0-1: Ball
1-1: Called Strike
1-2: Foul Ball, location: 2F
1-2: Foul Ball, location: 2F
1-2: Ball
2-2: Ball
3-2: Foul Ball, location: 2F
3-2: Foul Ball, location: 2F
3-2: Foul Ball, location: 2F
3-2: Fly out, F8 (Line Drive, 8RD, EV 89.4 MPH)
Bottom of the 7th over - 2 runs, 2 hits, 0 errors, 1 left on base; Gwinnett 4 - Albuquerque 11
TOP OF THE 8TH
Gwinnett Braves batting - Pitching for Albuquerque Isotopes : LHP Tyler Adams
Batting: RHB Cole Bittner 0-0: Foul Ball, location: 2F
0-1: SOLO HOME RUN (Flyball, 78XD, EV 98.8 MPH), Distance : 395 ft
Batting: SHB Tim Rodgers 0-0: Ground out 6-3 (Groundball, 6, EV 108.1 MPH)
Batting: RHB Xavier Castellanos 0-0: Ground out 4-3 (Groundball, 4, EV 104.4 MPH)
Batting: RHB Neal Tinoco 0-0: Called Strike
0-1: Ball
1-1: Ball
2-1: Ball
3-1: Foul Ball, location: 2F
3-2: Base on Balls
Batting: LHB Helge Jivotovsky 0-0: Called Strike
0-1: Called Strike
0-2: Fly out, F9 (Flyball, 89D, EV 87.5 MPH)
Top of the 8th over - 1 run, 1 hit, 0 errors, 1 left on base; Gwinnett 5 - Albuquerque 11
BOTTOM OF THE 8TH
Albuquerque Isotopes batting - Pitching for Gwinnett Braves : RHP Chris Thompson
Pitching: RHP Jon Solorzano
Batting: LHB Alan Bianchard 0-0: Called Strike
0-1: Ball
1-1: Called Strike
1-2: Foul Ball, location: 2F
1-2: Fly out, F4 (Line Drive, 4, EV 75.6 MPH)
Batting: RHB Jerry Castro 0-0: Ball
1-0: SOLO HOME RUN (Flyball, 7D, EV 96.2 MPH), Distance : 378 ft
Batting: RHB Eddie McCoy 0-0: Ball
1-0: Called Strike
1-1: Fly out, F5 (Popup, 25F, EV 91.2 MPH)
Batting: RHB Mike Ball 0-0: Ball
1-0: Ball
2-0: SINGLE (Flyball, 89S, EV 87.5 MPH)
Batting: RHB Bobby Heagle 0-0: Called Strike
0-1: Foul Ball, location: 2F
0-2: Ball
1-2: Foul Ball, location: 2F
1-2: Foul Ball, location: 2F
1-2: Ball
2-2: Foul Ball, location: 2F
2-2: Ball
3-2: Fly out, F9 (Flyball, 9LM, EV 78.8 MPH)
Bottom of the 8th over - 1 run, 2 hits, 0 errors, 1 left on base; Gwinnett 5 - Albuquerque 12
TOP OF THE 9TH
Gwinnett Braves batting - Pitching for Albuquerque Isotopes : LHP Tyler Adams
Pitching: RHP Jason Hamlyn
Pinch Hitting: RHB Corey Dalton 0-0: Ball
1-0: Ball
2-0: Called Strike
2-1: Ball
3-1: Called Strike
3-2: Strikes out swinging
Batting: RHB Luis Revilla 0-0: SINGLE (Groundball, 6MD, EV 93.8 MPH)
Batting: RHB Carlos Castillo 0-0: Ball
1-0: Grounds into double play, 6-4-3 (Groundball, 6, EV 88.8 MPH)
Top of the 9th over - 0 runs, 1 hit, 0 errors, 0 left on base; Gwinnett 5 - Albuquerque 12
Wednesday, June 22nd , 2022 - OOTP Baseball 23.4 Build 64